 Dungeon Crawl Stone Soup version 0.29-a0-477-g62b78b4225 (webtiles) character file.

Game seed: 15582008390118698937

532 Bnni the Sneak (level 7, -9/56 HPs)
             Began as a Demonspawn Fighter on May 25, 2022.
             Mangled by Menkaure (18 damage)
             ... on level 5 of the Dungeon.
             The game lasted 00:08:14 (4964 turns).

Bnni the Sneak (Demonspawn Fighter)                 Turns: 4964, Time: 00:08:14

Health: -9/56      AC:  5    Str: 16      XL:     7   Next: 3%
Magic:  0/2        EV: 10    Int: 10      God:
Gold:   200        SH:  5    Dex: 17 (18) Spells: 6/6 levels left

rFire   + . .      SeeInvis .   v - +4 dagger "Lyelag" {antimagic, rF+ rN+}
rCold   . . .      Faith    .   c - +0 buckler
rNeg    + . .      Spirit   +   y - +1 robe "Qozegi" {Dex+2}
rPois   .          Reflect  .   t - +0 helmet
rElec   .          Harm     .   (no cloak)
rCorr   .          Rampage  .   z - +0 pair of gloves
Will    .....                   (no boots)
Stlth   ++++......              p - amulet of guardian spirit
HPRegen 0.18/turn               (no ring)
MPRegen 0.16/turn               (no ring)

@: mighty
A: claws 1, thin skeletal structure 1, magic regeneration
a: no special abilities


You were on level 5 of the Dungeon.
You visited 1 branch of the dungeon, and saw 5 of its levels.

You collected 200 gold pieces.

Inventory:

Hand Weapons
 a - a +0 trident
 b - a +0 rapier
 s - a +7 club
 v - the +4 dagger "Lyelag" (weapon) {antimagic, rF+ rN+}
   (You found it on level 4 of the Dungeon)

   It reduces the magical energy of the wielder, and disrupts the spells and
   magical abilities of those it strikes.
   Natural abilities and divine invocations are not affected.
   rF:        It protects you from fire.
   rN:        It protects you from negative energy.
Armour
 c - a +0 buckler (worn)
 t - a +0 helmet (worn)
 y - the +1 robe "Qozegi" (worn) {Dex+2}
   (You found it on level 4 of the Dungeon)

   Dex:       It affects your dexterity (+2).
 z - a +0 pair of gloves (worn)
Jewellery
 p - an amulet of guardian spirit (around neck)
Wands
 w - a wand of charming (13)
Scrolls
 e - a scroll of identify {unknown}
 f - 3 scrolls of enchant weapon {unknown}
 g - 4 scrolls of vulnerability {unknown}
 h - a scroll of teleportation {unknown}
 j - 2 scrolls of fear {unknown}
 k - 2 scrolls of amnesia {unknown}
 l - a scroll of brand weapon {unknown}
 m - a scroll of enchant armour {unknown}
 n - a scroll of noise {unknown}
 q - a scroll of poison {unknown}
Potions
 d - a potion of heal wounds
 o - a potion of degeneration {unknown}
 r - a potion of magic {unknown}
 u - a potion of mutation {unknown}
 x - a potion of flight {unknown}


   Skills:
 + Level 5.1 Fighting
 * Level 0.4 Short Blades
 - Level 2.2 Polearms
 - Level 2.6 Armour
 * Level 5.6 Stealth
 - Level 2.6 Shields


You had 6 spell levels left.
You didn't know any spells.
Your spell library contained the following spells:

 Spells                   Type           Power      Damage    Failure   Level
 Call Canine Familiar     Summ           0%         N/A       83%         3
 Conjure Flame            Conj/Fire      0%         6-21      83%         3
 Ignite Poison            Fire/Tmut/Pois 0%         N/A       83%         3
 Portal Projectile        Hex/Tloc       0%         N/A       83%         3
 Leda's Liquefaction      Hex/Erth       0%         N/A       99%         4
 Petrify                  Tmut/Erth      0%         N/A       99%         4
 Sticky Flame             Conj/Fire      0%         2d3       99%         4
 Metabolic Englaciation   Hex/Ice        0%         N/A       100%        5
 Statue Form              Tmut/Erth      0%         N/A       100%        6


Dungeon Overview and Level Annotations

Branches:
Dungeon (5/15)
 Temple: D:4-7

Altars:
Sif Muna
The Shining One

Shops:
D:2 :   D:4 =

Annotations:
D:5 Menkaure


Innate Abilities, Weirdness & Mutations

You have sharp fingernails.
You have a somewhat thin skeletal structure. (Dex +2, Stealth+)
You regenerate magic rapidly.


Message History

You now have 200 gold pieces (gained 7).
j - 2 scrolls labelled MUBBEICKAR (gained 1)
You open the door.
There is an open door here.
Found a stone staircase leading down.
Menkaure, Prince of Dust comes into view.
Menkaure shouts!
You feel very mighty all of a sudden.
You hit Menkaure.
Menkaure's magic leaks into the air.
Menkaure is lightly damaged.
Menkaure's magic is no longer disrupted.
Menkaure calls on the powers of darkness!
Your body is wracked with pain!
You barely miss Menkaure.
Menkaure is lightly damaged.
Menkaure calls on the powers of darkness!
Your body is wracked with pain!
You are too injured to fight recklessly!
You are too injured to fight recklessly!
You barely miss Menkaure.
Menkaure is lightly damaged.
You hit Menkaure but do no damage.
Menkaure is lightly damaged.
You block Menkaure's attack.
You hit Menkaure.
Menkaure's magic leaks into the air.
Menkaure is moderately damaged.
Menkaure's magic is no longer disrupted.
Menkaure hits you!
* * * LOW HITPOINT WARNING * * *
You puncture Menkaure!
Menkaure's magic leaks into the air.
Menkaure is severely damaged.
Menkaure hits you but does no damage.
You barely miss Menkaure.
Menkaure is severely damaged.
Menkaure casts a spell.
Menkaure seems to speed up.
You hit Menkaure.
Menkaure's magic leaks into the air.
Menkaure is severely damaged.
Menkaure hits you!!
You die...

##################
+....'...........#
#....#...........#
######..##+####..#
#. #..##...##..#
#..##..##.......#
#..M@...........#
#>.##...........#
#. #..###..##..# #
.##..###..##..#
..............#
#.......##..#
#.......##.##
#+####..##^#
#..##8###


You could see Menkaure (fast, magic disrupted).

Vanquished Creatures
  Sigmund (D:2)
  Eustachio (D:4)
  Robin (D:3)
  4 adders
  5 gnolls
  A white imp (D:4)
  A worm (D:3)
  3 dart slugs
  8 orcs
  6 ball pythons
  10 endoplasms
  7 giant cockroaches
  10 hobgoblins
  6 jackals (D:2)
  5 kobolds
  6 quokkas
  2 bats
  6 frilled lizards
  19 goblins
  7 rats
109 creatures vanquished.

Notes
Turn   | Place    | Note
-------+----------+-------------------------------------------
     0 | D:1      | Bnni the Demonspawn Fighter began the quest for the Orb.
     0 | D:1      | Reached XP level 1. HP: 18/18 MP: 1/1
   259 | D:1      | Gained mutation: You have a somewhat thin skeletal
                  | structure. (Dex +2, Stealth+) [demonic ancestry]
   259 | D:1      | Reached XP level 2. HP: 24/24 MP: 2/2
   560 | D:1      | Reached skill level 1 in Stealth
   726 | D:1      | Found a faded altar of an unknown god.
   830 | D:1      | Reached XP level 3. HP: 23/29 MP: 3/3
  1234 | D:2      | Noticed Sigmund
  1243 | D:2      | Killed Sigmund
  1244 | D:2      | Reached XP level 4. HP: 23/37 MP: 4/4
  1244 | D:2      | Gained mutation: You regenerate magic rapidly. [demonic
                  | ancestry]
  1244 | D:2      | Reached XP level 5. HP: 27/42 MP: 5/5
  1552 | D:2      | Found Veocsex's Book Shop.
  2122 | D:3      | Found a shimmering blue altar of Sif Muna.
  2416 | D:3      | Reached XP level 6. HP: 45/49 MP: 6/6
  2545 | D:3      | Noticed Robin
  2569 | D:3      | Killed Robin
  3229 | D:4      | Noticed Eustachio
  3229 | D:4      | Found Aptageph's Jewellery Shop.
  3583 | D:4      | Killed Eustachio
  3584 | D:4      | Reached skill level 5 in Fighting
  3584 | D:4      | Reached skill level 5 in Stealth
  3790 | D:4      | Identified the +4 dagger "Lyelag" {antimagic, rF+ rN+}
  4050 | D:4      | Identified the +1 robe "Qozegi" {Dex+2}
  4269 | D:4      | Gained mutation: You have sharp fingernails. [demonic
                  | ancestry]
  4269 | D:4      | Reached XP level 7. HP: 31/56 MP: 2/7
  4908 | D:5      | Entered Level 5 of the Dungeon
  4955 | D:5      | Noticed Menkaure
  4964 | D:5      | Mangled by Menkaure

Illustrated notes

Levels and vault maps discovered:
D:1:      evilmike_arrival_hilbert_curve, layout_loops_ring,
          ebering_ecumenical_altar_petrified, lemuel_old_faithful
D:2:      layout_loops_ring, serial_shops, nicolae_shop_window_shopping,
          uniq_sigmund
D:3:      layout_loops_cross, jmf_multi_god_temple, uniq_robin
D:4:      layout_basic, serial_shops, nicolae_stop_n_shop_1, uniq_eustachio
D:5:      layout_gridville, ebering_dispersal_statue_hall, uniq_menkaure

Skill      XL: |  1  2  3  4  5  6 |
---------------+-------------------+-----
Polearms       | 2 |  2.2
Stealth        | 1 4 5 |  5.6
Fighting       | 4 5 |  5.1
Short Blades   | |  0.4
Armour         | |  2.6
Shields        | |  2.6

Action                   |  1- 3 |  4- 6 |  7- 9 || total
-------------------------+-------+-------+-------++-------
Melee: Trident           |   116 |   128 |       ||   244
       Club              |       |    48 |       ||    48
       Dagger            |       |    26 |    40 ||    66
  Use: Potion            |     1 |     2 |     1 ||     4
 Stab: Sleeping          |       |     6 |     1 ||     7
       Distracted        |       |     1 |       ||     1
Armor: Chain mail        |    54 |   176 |       ||   230
       Scale mail        |     1 |       |       ||     1
       Robe              |       |     3 |    12 ||    15
Dodge: Dodged            |    27 |    88 |     7 ||   122
Block: Buckler           |    16 |    66 |     9 ||    91

Table legend: (Time is in decaauts)
 A = Elapsed time spent in this place.
 B = Non-inter-level travel time spent in this place.
 C = Inter-level travel time spent in this place.
 D = Time resting spent in this place.
 E = Time spent auto-exploring this place.
 F = Levels seen in this place.
 G = Mean time per level.
                   A        B        C        D        E       F      G
               +--------+--------+--------+--------+--------+-----+--------+
         Total |   5042 |   4951 |     91 |    654 |   3384 |   5 | 1008.4 |
       Dungeon |   5042 |   4951 |     91 |    654 |   3384 |   5 | 1008.4 |
               +--------+--------+--------+--------+--------+-----+--------+

Top non-repeatable levels by time:
     D:3: 1575 daAuts
     D:4: 1384 daAuts
     D:1: 1089 daAuts
     D:2: 937 daAuts
     D:5: 56 daAuts
